 Dungeon Crawl Stone Soup version 0.29.0-10-g45618ea6d2 (webtiles) character file.

Game seed: 12649933190859600483

436 sanka the Ruffian (level 6, -3/59 HPs)
             Began as a Troll Cinder Acolyte on Sept 1, 2022.
             Was an Elder of Ignis.
             Shot with an arrow by a centaur (8 damage)
             ... on level 4 of the Dungeon.
             The game lasted 00:04:27 (1889 turns).

sanka the Ruffian (Troll Cinder Acolyte)            Turns: 1889, Time: 00:04:27

Health: -3/59      AC: 13    Str: 23    XL:     6   Next: 68%
Magic:  6/6        EV:  9    Int: 10    God:    Ignis [****..]
Gold:   237        SH:  0    Dex:  7    Spells: 7/7 levels left

rFire   + . .      SeeInvis .     - Unarmed
rCold   . . .      Faith    .   (no shield)
rNeg    . . .      Spirit   .   i - +2 animal skin
rPois   .          Reflect  .   (helmet restricted)
rElec   .          Harm     .   (no cloak)
rCorr   .          Rampage  .   (gloves unavailable)
Will    .....                   (boots unavailable)
Stlth   +.........              (no amulet)
HPRegen 0.99/turn               (no ring)
MPRegen 0.10/turn               (no ring)

@: fiery-armoured
A: large, unfitting armour, claws 3, regeneration 1, shaggy fur 1, tough skin 1
a: Renounce Religion, Fiery Armour, Foxfire Swarm, Rising Flame


You were on level 4 of the Dungeon.
You worshipped Ignis.
Ignis was greatly pleased with you.
You visited 1 branch of the dungeon, and saw 4 of its levels.

You collected 237 gold pieces.


Innate Abilities, Weirdness & Mutations

You are too large for most types of armour.
You have claws for hands.
Your natural rate of healing is unusually fast.
You are covered in fur. (AC +1)
You have tough skin. (AC +1)


   Skills:
 - Level 2.4 Fighting
 + Level 7.6 Unarmed Combat
 - Level 1.0 Spellcasting
 - Level 2.1 Fire Magic


You had 7 spell levels left.
You didn't know any spells.
Your spell library contained the following spells:

 Spells                   Type           Power      Damage    Failure   Level
 Foxfire                  Conj/Fire      8%         2x1d4     22%         1
 Scorch                   Fire           8%         2d5       22%         2
 Conjure Flame            Conj/Fire      2%         6-21      54%         3
 Inner Flame              Hex/Fire       2%         N/A       54%         3
 Frozen Ramparts          Ice            0%         1d1       71%         3
 Flame Wave               Conj/Fire      2%         2d4       91%         4
 Ice Form                 Ice/Tmut       0%         N/A       98%         4
 Summon Ice Beast         Ice/Summ       0%         N/A       98%         4

Inventory:

Armour
 i - a +2 animal skin (worn)
Magical Staves
 e - a staff of cold
Jewellery
 g - a ring of fire
Wands
 j - a wand of roots (12)
 m - a wand of flame (11)
Scrolls
 b - 5 scrolls of identify {unknown}
 d - 2 scrolls of magic mapping {unknown}
 f - a scroll of immolation {unknown}
 k - a scroll of teleportation {unknown}
Potions
 a - 2 potions of might {unknown}
 c - a potion of heal wounds {unknown}
 h - 2 potions of attraction {unknown}
 l - a potion of lignification {unknown}

Dungeon Overview and Level Annotations

Branches:
Dungeon (4/15)
 Temple: D:4-7

Altars:

Shops:
D:1 = D:2

( ▒. ▒c ▒^▒ ▒. ▒.▒
.. ▒.▒ .▒ ▒.▒ ▒.▒▒
▒▒▒▒▒▒▒.▒▒▒▒...▒▒.▒
............c......
...........T.......
......).<.......▒▒▒
................▒
........▒▒▒▒▒.▒.▒
........▒ ...£.
!.......▒ ...▒▒▒
▒▒▒▒▒▒▒.▒ ...▒ ▒..
..▒ ▒▒▒


You could see 2 centaurs.


Message History

* * * LOW HITPOINT WARNING * * *
The hobgoblin moves out of view.
The centaur shouts!
You scratch the centaur.
The centaur is moderately wounded.
The centaur wields a +0 shortbow.
The centaur shoots an arrow.
The arrow hits you!
* * * LOW HITPOINT WARNING * * *
The centaur hits you.
* * * LOW HITPOINT WARNING * * *
The centaur kicks you.
* * * LOW HITPOINT WARNING * * *
The centaur shoots an arrow.
The arrow hits you!
* * * LOW HITPOINT WARNING * * *
The centaur barely misses you. The centaur kicks you.
* * * LOW HITPOINT WARNING * * *
Use which ability? (? or * to list)
A protective cloak of flame settles atop you.
The centaur shoots an arrow.
The arrow barely misses you. The centaur barely misses you.
The centaur kicks you but does no damage.
The centaur is burned by your cloak of flames.
The centaur is moderately wounded.
The centaur shoots an arrow.
The arrow hits you!
You die...

Action                   |  1- 3 |  4- 6 || total
-------------------------+-------+-------++-------
Melee: Unarmed           |   121 |    72 ||   193
       Punch             |     1 |     1 ||     2
Invok: Fiery Armour      |       |     3 ||     3
  Use: Potion            |       |     1 ||     1
 Stab: Sleeping          |       |     1 ||     1
Armor: Robe              |    45 |       ||    45
       Animal skin       |     4 |    23 ||    27
Dodge: Dodged            |    62 |    29 ||    91

Levels and vault maps discovered:
D:1:      dpeg_arrival_tiny_b, layout_rooms, serial_shops, shop,
          chequers_hall_statues_corner_a
D:2:      layout_loops_cross, serial_shops, nicolae_shop_behind_doors,
          dilly_ecumenical_altar_fadedgnrine, chequers_serial_rivers_marsh,
          dreamdust_mushroom_princess, uniq_robin, uniq_sigmund
D:3:      layout_basic, uniq_ijyb, uniq_terence
D:4:      layout_basic, minmay_manual_mares

Notes
Turn   | Place    | Note
-------+----------+-------------------------------------------
     0 | D:1      | sanka the Troll Cinder Acolyte began the quest for the Orb.
     0 | D:1      | Reached XP level 1. HP: 22/22 MP: 1/1
   114 | D:1      | Reached XP level 2. HP: 29/29 MP: 2/2
   249 | D:1      | Reached skill level 4 in Unarmed Combat
   298 | D:1      | Found Golekk's Jewellery Boutique.
   572 | D:2      | Reached XP level 3. HP: 21/36 MP: 3/3
   712 | D:2      | Noticed Sigmund
   782 | D:2      | Noticed Robin
   788 | D:2      | Killed Robin
   910 | D:2      | Reached XP level 4. HP: 44/44 MP: 4/4
   965 | D:2      | Killed Sigmund
   966 | D:2      | Reached skill level 6 in Unarmed Combat
   966 | D:2      | Reached XP level 5. HP: 32/50 MP: 5/5
  1183 | D:2      | Found Komyasee's Weapon Shoppe.
  1306 | D:2      | Found a faded altar of an unknown god.
  1410 | D:3      | Reached XP level 6. HP: 59/59 MP: 6/6
  1480 | D:3      | Noticed Terence
  1486 | D:3      | Killed Terence
  1487 | D:3      | Reached skill level 7 in Unarmed Combat
  1589 | D:3      | Noticed Ijyb
  1601 | D:3      | Killed Ijyb
  1888 | D:4      | HP: 5/59 [centaur/arrow (8)]
  1889 | D:4      | Shot with an arrow by a centaur

Vanquished Creatures
  Sigmund (D:2)
  A hound (D:4)
  Ijyb (D:3)
  An iguana (D:3)
  Terence (D:3)
  2 orc wizards (D:3)
  Robin (D:2)
  2 adders (D:3)
  7 worms
  A dart slug (D:2)
  3 orcs (D:3)
  6 endoplasms
  A giant cockroach (D:1)
  15 goblins
  4 hobgoblins
  10 jackals
  2 quokkas
  9 ball pythons
  A bat (D:2)
  2 frilled lizards
  6 kobolds
  2 rats
79 creatures vanquished.

Vanquished Creatures (others)
  A kobold (D:4)
1 creature vanquished.

Grand Total: 80 creatures vanquished
